 Dungeon Crawl Stone Soup version 0.19-a0-1849-g2383789 (webtiles) character file.

125 sleepydude the Skirmisher (level 4, -3/37 HPs)
             Began as a Demonspawn Berserker on Oct 10, 2016.
             Was a Priest of Trog.
             Succumbed to an orc wizard's poison
             ... on level 3 of the Dungeon.
             The game lasted 00:07:06 (2570 turns).

sleepydude the Skirmisher (Demonspawn Berserker)    Turns: 2570, Time: 00:07:06

Health: -3/37      AC:  9    Str: 20    XL:     4   Next: 82%
Magic:  4/4        EV: 11    Int:  9    God:    Trog [***...]
Gold:   135        SH:  3    Dex: 12    Spells: 0 memorised, 3 levels left

rFire  . . .     SeeInvis .     a - +0 mace
rCold  . . .     Gourm    .     k - +0 ring mail
rNeg   . . .     Faith    .     q - +0 buckler
rPois  .         Spirit   .     i - +2 helmet
rElec  .         Dismiss  .     (no cloak)
rCorr  .         Reflect  .     j - +0 pair of gloves
MR     .....     Harm     .     (no boots)
Stlth  ++........               (no amulet)
                                (no ring)
                                p - +2 ring of strength

@: lethally poisoned (-3 -> -47), exhausted, slowed, very slow
A: nightstalker 1, powered by death 1
a: Berserk, Trog's Hand, Burn Spellbooks, Renounce Religion


You were on level 3 of the Dungeon.
You worshipped Trog.
Trog was most pleased with you.
You were near starving.

You visited 1 branch of the dungeon, and saw 3 of its levels.

You collected 135 gold pieces.

Inventory:

Hand Weapons
 a - a +0 mace (weapon)
Armour
 b - a +0 animal skin
 i - a +2 helmet (worn)
 j - a +0 pair of gloves (worn)
 k - a +0 ring mail (worn)
 q - a +0 buckler (worn)
Jewellery
 p - a +2 ring of strength (left hand)
Scrolls
 d - 2 scrolls of recharging {unknown}
 e - 2 scrolls of remove curse {unknown}
 h - 4 scrolls of identify {unknown}
 l - a scroll of enchant weapon {unknown}
 m - 2 scrolls of immolation {unknown}
Comestibles
 c - 6 bread rations
 f - 2 beef jerkies
 g - 4 meat rations
 o - 3 fruits


   Skills:
 + Level 3.9 Fighting
 + Level 3.3 Maces & Flails
 + Level 2.6 Armour
 + Level 2.7 Dodging


You had 3 spell levels left.
You didn't know any spells.

Dungeon Overview and Level Annotations

Branches:
Dungeon (3/15)

Altars:
Gozag
Qazlal


Innate Abilities, Weirdness & Mutations

You are slightly more attuned to the shadows.
You regenerate a little health from kills.


Message History

Something hits you but does no damage.
You hear some strange, mumbled words.
A magic dart appears from out of thin air!
The magic dart hits you!
Okay, then.
It was a potion of berserk rage.
You're too exhausted to go berserk.
* * * LOW HITPOINT WARNING * * *
You feel very sick. Something hits you but does no damage.
You are more poisoned.
Okay, then.
You closely miss something.
* * * LOW HITPOINT WARNING * * *
You feel very sick. Something hits you but does no damage.
You are more poisoned.
Something hits you but does no damage.
You are more poisoned.
You hit something but do no damage.
You die...

#.###.# #.### #.###.#
#...# ......# #####
.... #.##### #...#
#..## #.# #.### ....
#.# #.# ##..### #.# #.#
....⌠# #.##########.#
###o.### ............>#
#@{o.._#
#.###############8..8##
### ##### #..o..##
#######...# #...###
^.........# #..##
#######...# #..#######
##.## #......... #.#
#.######## #.######.##


You could see an orc priest and 2 orcs.

Vanquished Creatures
  4 adders
  An ooze (D:2)
  3 worms
  A dart slug (D:1)
  4 orcs (D:3)
  10 bats
  5 giant cockroaches
  8 goblins
  10 hobgoblins
  2 jackals (D:1)
  A quokka (D:2)
  7 frilled lizards
  5 kobolds
  8 rats
69 creatures vanquished.

Notes
Turn   | Place    | Note
-------+----------+-------------------------------------------
     0 | D:1      | sleepydude the Demonspawn Berserker began the quest for the Orb.
     0 | D:1      | Reached XP level 1. HP: 18/18 MP: 1/1
   121 | D:1      | Gained mutation: You regenerate a little health from kills. [demonic ancestry]
   121 | D:1      | Reached XP level 2. HP: 23/24 MP: 2/2
   587 | D:1      | Reached ** piety under Trog
   662 | D:1      | Gained mutation: You are slightly more attuned to the shadows. [demonic ancestry]
   662 | D:1      | Reached XP level 3. HP: 29/29 MP: 3/3
   818 | D:2      | Found a stormy altar of Qazlal.
  1480 | D:2      | Reached XP level 4. HP: 24/37 MP: 4/4
  2362 | D:3      | Found a faded altar of an unknown god.
  2539 | D:3      | Reached *** piety under Trog
  2541 | D:3      | Found an opulent altar of Gozag.
  2570 | D:3      | Succumbed to an orc wizard's poison

Vault maps used:
D:1:      minmay_arrival_widening_spiral_wide
D:2:      first_bread, grunt_qazlal_sundering
D:3:      minitemple, ecumenical_altar_2, guppyfry_early_orc_mine

Skill      XL: |  1  2 |
---------------+-------+-----
Dodging        | 2 |  2.7
Armour         | 2 |  2.6
Maces & Flails | 3 |  3.3
Fighting       | |  3.9

Action                   |  1- 3 |  4- 6 || total
-------------------------+-------+-------++-------
Melee: Mace              |   144 |   101 ||   245
Invok: Berserk           |     1 |     1 ||     2
  Use: Potion            |       |     1 ||     1
 Stab: Sleeping          |     3 |     6 ||     9
  Eat: Chunk             |     2 |     4 ||     6
Armor: Animal skin       |    16 |       ||    16
       Ring mail         |    45 |    52 ||    97
Dodge: Dodged            |   115 |    67 ||   182
Block: Buckler           |     6 |    11 ||    17
